AoeStats
← T-REXX | PATRICK

Arabia

508467896Analyzed
4v4 RM · 10d ago on Sep 22, 2026· 44m 37s· 8 players
Game mode
Random Map
Map size
Large (8 player)
Population
200
Speed
Normal
Resources
Standard
Victory
Conquest
Starting age
Dark Age
Ending age
Imperial Age
RankedLock teamsTeams togetherTeam positionsShared explorationLock speedFull tech treeHidden civsTurbo modeCheats
Victory
Defeat
🇵🇪 Varangians · Peru
1430
+7
🇪🇸 Saracens · Spain
1319
+10
🇦🇷 Vietnamese · Argentina
1123
+18
🇦🇷 Franks · Argentina
1098
+19
🇳🇴 Danes · Norway
1239
-16
🇪🇸 Teutons · Spain
1195
-14
🇹🇼 Varangians · Taiwan
1157
-12
🇹🇷 Magyars · Türkiye
1155
-12
Cienfuegos
11:42 Feudal Age
12:27 Double-Bit Axe
13:42 Loom
20:48 Castle Age
22:26 Fletching
22:43 Elite Skirmisher
26:20 Wheelbarrow
26:02 Bow Saw
26:02 Padded Archer Armor
28:16 Hand Cart
30:22 Corvinian Army
31:12 Scale Barding Armor
32:40 Bodkin Arrow
35:37 Thumb Ring
37:28 Chain Barding Armor
37:24 Leather Archer Armor
41:20 Imperial Age
39:09 Gold Mining
39:43 Ballistics
40:27 Husbandry
40:38 Bloodlines
42:54 Parthian Tactics
43:24 Conscription
44:46 Chemistry
Morillasteketeke
7:25 Loom
10:17 Feudal Age
11:02 Double-Bit Axe
22:55 Castle Age
21:10 Padded Archer Armor
21:38 Fletching
23:59 Scale Barding Armor
25:07 Bow Saw
25:23 Horse Collar
27:32 Bloodlines
28:01 Heavy Plow
28:45 Chain Barding Armor
29:14 Forging
30:57 Iron Casting
32:52 Bodkin Arrow
37:28 Wheelbarrow
37:09 Heavy Plow
38:02 Gold Mining
38:08 Pikeman
41:04 Stone Mining
43:04 Hand Cart
Gamer
7:56 Loom
11:02 Feudal Age
14:08 Double-Bit Axe
21:30 Fletching
24:13 Castle Age
25:40 Scale Mail Armor
34:40 Fletching
36:49 Bow Saw
37:20 Gambesons
39:32 Wheelbarrow
OnlyNomad
6:08 Loom
11:31 Feudal Age
12:02 Double-Bit Axe
17:12 Castle Age
15:43 Fletching
16:55 Padded Archer Armor
18:09 Bow Saw
21:00 Bodkin Arrow
22:16 Horse Collar
23:16 Heavy Plow
25:37 Wheelbarrow
25:37 Pikeman
26:18 Squires
28:32 Scale Mail Armor
34:01 Chain Mail Armor
33:51 Man-at-Arms
34:17 Gambesons
36:40 Long Swordsman
37:37 Arson
40:48 Forging
44:41 Imperial Age
43:12 Gold Mining
43:13 Stone Mining
El coco
4:17 Loom
9:54 Feudal Age
10:23 Town Watch
14:37 Horse Collar
15:26 Double-Bit Axe
16:14 Fletching
25:39 Castle Age
24:30 Stone Mining
25:40 Scale Barding Armor
26:27 Husbandry
26:56 Chain Barding Armor
27:21 Bloodlines
27:55 Light Cavalry
32:27 Heavy Plow
35:31 Bow Saw
42:25 Imperial Age
40:25 Bodkin Arrow
40:30 Padded Archer Armor
40:25 Bodkin Arrow
40:30 Padded Archer Armor
41:19 Ballistics
40:42 Crossbowman
41:54 Thumb Ring
42:15 Leather Archer Armor
42:46 Wheelbarrow
43:31 Conscription
43:20 Bracer
43:51 Ring Archer Armor
44:16 Gold Mining
44:43 Masonry
poteytor123
6:09 Loom
9:25 Feudal Age
16:57 Wheelbarrow
20:37 Castle Age
22:30 Gold Mining
23:39 Husbandry
25:50 Scale Barding Armor
25:57 Forging
29:14 Pikeman
30:17 Gambesons
32:25 Chain Barding Armor
32:41 Iron Casting
32:21 Stone Mining
33:07 Gold Shaft Mining
35:35 Hand Cart
39:01 Imperial Age
39:02 Cavalier
39:31 Halberdier
40:21 Double-Bit Axe
40:27 Town Watch
41:22 Plate Barding Armor
41:48 Blast Furnace
40:24 Paladin
41:35 Conscription
42:14 Town Patrol
43:36 Chivalry
A pelubi
6:05 Loom
10:19 Feudal Age
10:45 Double-Bit Axe
12:48 Horse Collar
20:50 Castle Age
18:47 Fletching
18:59 Padded Archer Armor
20:55 Crossbowman
21:42 Thumb Ring
25:22 Wheelbarrow
25:19 Bodkin Arrow
37:33 Ballistics
41:09 Imperial Age
42:57 Chemistry
41:23 Arbalester
43:48 Bracer
44:04 Leather Archer Armor
44:04 Bow Saw
43:58 Heavy Plow
43:52 Gold Mining
T-REXX | PATRICK
6:19 Loom
8:51 Feudal Age
8:56 Man-at-Arms
20:41 Wheelbarrow
19:57 Fletching
24:46 Castle Age
23:13 Arson
24:12 Scale Mail Armor
25:48 Chain Mail Armor
25:50 Squires
26:29 Forging
30:23 Iron Casting
32:39 Bodkin Arrow
36:33 Padded Archer Armor
38:29 Double-Bit Axe
38:25 Horse Collar
41:23 Imperial Age
39:52 Ballistics
40:12 Leather Archer Armor
40:27 Gold Mining
40:51 Bow Saw
40:42 Heavy Plow
42:27 Bracer
43:00 Husbandry
43:11 Bloodlines
44:40 Chemistry
Connection lost

Rejoining the realm…

Still unreachable

The connection could not be restored.

Session expired

The server has moved on; the page needs a fresh start.